 Dungeon Crawl Stone Soup version 0.18.1-50-g88ac8fd (webtiles) character file.

124 Franakus the Conjurer (level 4, -12/24 HPs)
             Began as a Deep Elf Conjurer on Oct 28, 2016.
             Mangled by Ijyb
             ... wielding a +2 dagger of electrocution
              (14 damage)
             ... on level 2 of the Dungeon.
             The game lasted 00:18:46 (1713 turns).

Franakus the Conjurer (Deep Elf Conjurer)           Turns: 1713, Time: 00:18:46

Health: -12/24     AC:  8    Str:  5    XL:     4   Next: 81%
Magic:  6/11       EV: 13    Int: 25    God:
Gold:   111        SH:  0    Dex: 15    Spells: 2 memorised, 7 levels left

rFire  . . .     SeeInvis .     k - +0 quarterstaff (protect)
rCold  . . .     Gourm    .     a - +1 robe
rNeg   . . .     Faith    .     (shield currently unavailable)
rPois  .         Spirit   .     (no helmet)
rElec  .         Dismiss  .     (no cloak)
rCorr  .         Reflect  .     (no gloves)
SustAt .         Harm     .     (no boots)
MR     .....                    e - amulet of regeneration
Stlth  ++........               (no ring)
                                o - +4 ring of intelligence

@: not resistant to hostile enchantments, unstealthy
A: no striking features
a: no special abilities


You were on level 2 of the Dungeon.
You were hungry.

You visited 2 branches of the dungeon, and saw 5 of its levels.

You collected 111 gold pieces.

Inventory:

Hand Weapons
 k - a +0 quarterstaff of protection (weapon)
 t - a +2 war axe of freezing
Missiles
 h - 44 stones (quivered)
Armour
 a - a +1 robe (worn)
Jewellery
 e - an amulet of regeneration (around neck)
 o - a +4 ring of intelligence (left hand)
Wands
 m - a wand of disintegration (11/24)
Scrolls
 l - a scroll of fog
 n - 2 scrolls of remove curse
 r - a scroll of enchant armour
Potions
 d - a potion of curing
 g - a potion of brilliance {unknown}
 j - a potion of lignification {unknown}
 p - 3 potions of degeneration {unknown}
 q - 2 potions of haste {unknown}
Books
 b - a book of Conjurations

   Spells                             Type                      Level
   a - Magic Dart                     Conjuration                  1
   b - Searing Ray                    Conjuration                  2
   c - Dazzling Spray                 Conjuration/Hexes            3
   d - Fulminant Prism                Conjuration/Hexes            4
   e - Iskenderun's Mystic Blast      Conjuration                  4
   f - Iskenderun's Battlesphere      Conjuration/Charms           5
Comestibles
 c - 4 bread rations
 f - a slice of pizza
 i - 2 meat rations
 s - a beef jerky


   Skills:
 + Level 0.7 Fighting
 - Level 3.4 Dodging
 + Level 3.1 Stealth
 + Level 3.9 Spellcasting
 + Level 5.5 Conjurations


You had 7 spell levels left.
You knew the following spells:

 Your Spells              Type           Power        Failure   Level  Hunger
a - Magic Dart            Conj           ####         1%          1    None
b - Searing Ray           Conj           ####..       1%          2    #......


Dungeon Overview and Level Annotations

Branches:
Dungeon (4/15)             Temple (1/1) D:4

Altars:
Cheibriados
Dithmenos
Elyvilon
Fedhas
Makhleb
Nemelex Xobeh
Okawaru
Pakellas
Qazlal
Ru
Trog
Xom
Yredelemnul

Annotations:
D:2 Ijyb


Message History

The searing ray hits Ijyb.
Ijyb is heavily wounded.
The searing ray misses Ijyb.
The searing ray hits Ijyb.
Ijyb is severely wounded.
Ijyb barely misses you.
Ijyb hits you with a dagger of electrocution.
You are electrocuted!
Ouch! That really hurt!
* * * LOW HITPOINT WARNING * * *
Unknown command.
Evoke which item? (* to show all) (? for menu, Esc to quit)
Zapping:
m - a wand of disintegration (will waste charges)
Press: ? - help, Shift-Dir - straight line, f/p - Ijyb
Aim: Ijyb, wielding a dagger of electrocution (severely wounded, chance to defeat MR: 73%) Ijyb struggles to resist.
Evoking this partially-identified wand wasted a few charges.
Ijyb hits you but does no damage.
You are electrocuted!
Ouch! That really hurt!
You die...

#.#.# #.# #.#
#####...# #.#
.....)..# #.#
####....###.# #.#
#.##>...r# #.#
#.##.###.# #.# #....#
#.#
####.###.##########.#
#........g@......#
#.###.############
#.# #.#


You could see Ijyb.

Vanquished Creatures
  A worker ant (D:3)
  4 adders
  An ooze (D:3)
  2 worms
  A dart slug (D:3)
  4 orcs (D:3)
  A ball python (D:2)
  3 giant cockroaches (D:3)
  4 goblins
  3 hobgoblins
  4 jackals
  8 kobolds
  A ball python skeleton (D:3)
  6 bats
  3 giant newts
  6 rats
52 creatures vanquished.

Notes
Turn   | Place    | Note
--------------------------------------------------------------
     0 | D:1      | Franakus the Deep Elf Conjurer began the quest for the Orb.
     0 | D:1      | Reached XP level 1. HP: 10/10 MP: 6/6
     6 | D:1      | Noticed a wolf
     6 | D:1      | Noticed a worker ant
     6 | D:1      | Noticed an iguana
     7 | D:1      | Noticed a rime drake
     7 | D:1      | Noticed a lindwurm
   214 | D:2      | Reached XP level 2. HP: 12/15 MP: 5/8
   218 | D:2      | Learned a level 2 spell: Searing Ray
   439 | D:3      | Reached XP level 3. HP: 19/19 MP: 6/9
   444 | D:3      | Found a sparkling altar of Nemelex Xobeh.
   492 | D:3      | Reached skill level 5 in Conjurations
   630 | D:4      | Noticed an ogre
   767 | D:4      | Found a staircase to the Ecumenical Temple.
   778 | Temple   | Entered the Ecumenical Temple
  1116 | D:3      | Reached XP level 4. HP: 24/24 MP: 8/11
  1706 | D:2      | Noticed Ijyb
  1712 | D:2      | HP: 1/24 [Ijyb/dagger of electrocution (18)]
  1713 | D:2      | Mangled by Ijyb

Skill      XL: |  1  2  3  4 |
---------------+-------------+-----
Dodging        | 3 |  3.4
Conjurations   | 5 |  5.5
Stealth        | 3 |  3.1
Fighting       | |  0.7
Spellcasting   | |  3.9

Action                   |  1- 3 |  4- 6 || total
-------------------------+-------+-------++-------
Melee: Club              |     4 |       ||     4
       Quarterstaff      |    19 |    30 ||    49
       Short sword       |     2 |       ||     2
Throw: Stone             |     4 |       ||     4
 Cast: Magic Dart        |    24 |     5 ||    29
       Searing Ray       |     8 |    11 ||    19
Evoke: Wand              |       |     1 ||     1
  Use: Scroll            |     6 |       ||     6
  Eat: Chunk             |       |     2 ||     2
Armor: Robe              |    15 |    28 ||    43
Dodge: Dodged            |    40 |    40 ||    80
